 Dungeon Crawl Stone Soup version 0.28-a0-793-g31680bbd8b (webtiles) character file.

Game seed: 17053025814502771828

709 cheechan the Cudgeller (level 7, 0/66 HPs)
             Began as a Naga Chaos Knight on Nov 3, 2021.
             Was a Plaything of Xom.
             Slain by Edmund (3 damage)
             ... on level 5 of the Dungeon.
             The game lasted 00:14:52 (3700 turns).

cheechan the Cudgeller (Naga Chaos Knight)          Turns: 3700, Time: 00:14:54

Health: 0/66       AC:  8    Str: 18    XL:     7   Next: 68%
Magic:  7/7        EV:  6    Int: 10    God:    Xom [....*.]
Gold:   205        SH:  6    Dex:  9    Spells: 6/6 levels left

rFire   . . .      SeeInvis +   a - +0 mace (spect)
rCold   + . .      Faith    .   q - +0 kite shield
rNeg    . . .      Spirit   .   p - +2 ring mail {rC+}
rPois   +          Reflect  .   k - +0 helmet
rElec   .          Harm     .   (no cloak)
rCorr   .          Rampage  .   (no gloves)
Will    .....                   (no barding)
Stlth   +.........              (no amulet)
HPRegen 0.21/turn               (no ring)
MPRegen 0.10/turn               (no ring)

@: mighty, studying Dodging, unable to read, very slow
A: AC +2, large, see invisible, deformed body, poison resistance, slowness 2,
spit poison 1, naga tail 1, clumsy 1, dopey 1, strong 1, inability to read while
threatened, noise suppression
a: Spit Poison, Renounce Religion


You were on level 5 of the Dungeon.
You worshipped Xom.
You were a beloved toy of Xom.
You visited 1 branch of the dungeon, and saw 5 of its levels.

You collected 205 gold pieces.

Inventory:

Hand Weapons
 a - a +0 spectral mace (weapon)
Missiles
 h - 2 throwing nets
 j - 21 arrows
 l - 13 sling bullets
 n - 4 bolts
Armour
 b - a +2 leather armour
 c - a +0 buckler
 k - a +0 helmet (worn)
 p - a +2 ring mail of cold resistance (worn)
 q - a +0 kite shield (worn)
Wands
 o - a wand of paralysis (8)
Scrolls
 e - a scroll of magic mapping
 g - a scroll of amnesia
Potions
 d - a potion of flight
 f - a potion of might
 i - a potion of haste
 m - a potion of degeneration {unknown}


   Skills:
 + Level 4.5 Fighting
 + Level 6.0 Maces & Flails
 + Level 3.1 Armour
 + Level 3.6 Dodging
 + Level 2.0 Stealth
 + Level 1.3 Shields


You had 6 spell levels left.
You didn't know any spells.
Your spell library was empty.

Dungeon Overview and Level Annotations

Branches:
Dungeon (5/15)
 Temple: D:4-7

Altars:
Cheibriados
Fedhas
Kikubaaqudgha
Qazlal
Xom
Zin
The Shining One

Annotations:
D:5 Edmund


Innate Abilities, Weirdness & Mutations

Your serpentine skin is tough. (AC +2)
You have supernaturally acute eyesight. (SInv)
Armour fits poorly on your strangely shaped body.
Your system is resistant to poisons. (rPois)
You cover ground very slowly.
You can spit poison.
You have a snake-like lower body.
You are clumsy. (Dex -2)
You are dopey. (Int -2)
Your muscles are strong. (Str +2)
You sometimes lose the ability to read scrolls when taking damage.
You passively dampen the noise of your surroundings.


Message History

You feel threatened and lose the ability to read scrolls!
Abil: Spit Poison
Press: ? - help, Q - select action, (/) - cycle Shift-Dir - straight line, f - Edmund
Aim: Edmund, wielding a +2 vorpal flail and wearing a +0 chain mail (moderately wounded)
The splash of poison hits Edmund.
Edmund is poisoned.
Edmund is moderately wounded.
Edmund hits you with a +2 vorpal flail!
You hit the scorpion.
The scorpion is lightly wounded.
Your +0 spectral mace hits the scorpion.
The scorpion stings you. You block Edmund's attack. The scorpion stings you.
You hit the scorpion but do no damage.
The scorpion is moderately wounded.
Your +0 spectral mace barely misses the scorpion.
Edmund hits you with a +2 vorpal flail! The scorpion stings you.
Edmund hits you with a +2 vorpal flail!
* * * LOW HITPOINT WARNING * * *
x2
Okay, then.
You cannot read scrolls in your current state!
You feel very mighty all of a sudden.
Edmund looks more healthy.
The scorpion stings you but does no damage.
You block Edmund's attack.
You hit the scorpion.
The scorpion is heavily wounded.
Your +0 spectral mace hits the scorpion.
You have got your breath back.
The scorpion stings you.
* * * LOW HITPOINT WARNING * * *
Edmund hits you with a +2 vorpal flail.
* * * LOW HITPOINT WARNING * * *
x2 The scorpion stings you.
* * * LOW HITPOINT WARNING * * *
You closely miss Edmund.
Edmund is moderately wounded.
Your +0 spectral mace hits Edmund.
You hear Xom's avuncular chuckle.
The scorpion suddenly stops moving!
Edmund hits you with a +2 vorpal flail.
You die...
Xom is highly amused!

#..#....##'#####..#...
#..#....'...).........
#....#.............
#....#..##.....####
#....#####.....#
#....#.........# ..
#....#.........#...
#..ยง^#..##.....#...
#(@s....##.....#.<.
#.@......#.....#...
#...###........# #...#
#........#
#...#..........#
#...#....#...P.#
#...#._..##P...'.
#...#....# ....#..
#..... ..###..


You could see Edmund, a scorpion (paralysed) and a friendly +0 spectral mace
(summoned).

Vanquished Creatures
  An orc warrior (D:5)
  A phantom (D:2)
  2 bullfrogs
  A vampire bat (D:3)
  A hound (D:4)
  An iguana (D:5)
  10 gnolls
  8 adders
  A shadow imp (D:4)
  An ufetubus (D:4)
  An adder skeleton (D:4)
  A worm (D:3)
  The ghost of flotson the Sneak, a weakling DsDe (D:5)
  3 dart slugs
  3 fire bats (D:3)
  9 orcs
  2 spectral bats (D:3)
  5 ball pythons
  7 bats
  3 bat skeletons (D:3)
  A bat zombie (D:3)
  9 endoplasms
  2 giant cockroaches
  6 goblins
  8 hobgoblins
  7 kobolds
  3 quokkas (D:1)
  A bat simulacrum (D:3)
  2 frilled lizards
  5 rats
106 creatures vanquished.

Vanquished Creatures (others)
  4 bats (D:3)
  4 withered plants (D:5)
8 creatures vanquished.

Grand Total: 114 creatures vanquished

Notes
Turn   | Place    | Note
-------+----------+-------------------------------------------
     0 | D:1      | cheechan the Naga Chaos Knight began the quest for the Orb.
     0 | D:1      | Reached XP level 1. HP: 21/21 MP: 1/1
    70 | D:1      | Reached XP level 2. HP: 15/28 MP: 2/2
    77 | D:1      | XOM: divination: detect creatures
   186 | D:1      | Identified a scroll of acquirement
   186 | D:1      | Acquired a manual of Dodging
   286 | D:1      | XOM: silly message
   382 | D:1      | XOM: silly message
   521 | D:1      | XOM: god gift: scroll labelled HEYHITA CIREA {god gift}
   568 | D:1      | XOM: scenery: create altars
   595 | D:1      | XOM: 2-stop teleportation journey
   910 | D:2      | Noticed a phantom
   911 | D:2      | Reached skill level 1 in Dodging
   913 | D:2      | Reached XP level 3. HP: 33/34 MP: 3/3
   919 | D:2      | Killed a phantom
   920 | D:2      | Reached skill level 4 in Maces & Flails
   920 | D:2      | Reached XP level 4. HP: 22/44 MP: 4/4
  1103 | D:2      | XOM is BORED!
  1103 | D:2      | XOM: give mutations
  1103 | D:2      | Gained mutation: You are clumsy. (Dex -2) [Xom's mischief]
  1103 | D:2      | Gained mutation: You sometimes lose the ability to read
                  | scrolls when taking damage. [Xom's mischief]
  1103 | D:2      | Gained mutation: Your muscles are strong. (Str +2) [Xom's
                  | mischief]
  1103 | D:2      | Gained mutation: You are dopey. (Int -2) [Xom's mischief]
  1231 | D:2      | Reached XP level 5. HP: 50/50 MP: 5/5
  1256 | D:2      | XOM: divination: detect items
  1390 | D:3      | Found a blossoming altar of Fedhas.
  1489 | D:4      | XOM: give mutation
  1489 | D:4      | Gained mutation: You passively dampen the noise of your
                  | surroundings. [Xom's grace]
  1577 | D:4      | Reached XP level 6. HP: 57/57 MP: 6/6
  1750 | D:3      | XOM: divination: detect creatures
  1917 | D:3      | XOM: destruction
  1959 | D:3      | XOM: smoke on damage
  1962 | D:3      | Reached skill level 1 in Shields
  1984 | D:3      | Reached skill level 5 in Maces & Flails
  2673 | D:3      | XOM: 2-stop teleportation journey
  2694 | D:3      | Found a snail-covered altar of Cheibriados.
  3085 | D:4      | Reached skill level 1 in Stealth
  3155 | D:4      | Reached XP level 7. HP: 58/64 MP: 7/7
  3241 | D:5      | Entered Level 5 of the Dungeon
  3241 | D:5      | Found a glowing silver altar of Zin.
  3267 | D:5      | Found a glowing golden altar of the Shining One.
  3276 | D:5      | Found a stormy altar of Qazlal.
  3276 | D:5      | Found a runed translucent door.
  3277 | D:5      | Noticed flotson's ghost (weakling DsDe)
  3324 | D:5      | Killed flotson's ghost
  3575 | D:5      | XOM: potion effect (might)
  3658 | D:5      | Reached skill level 6 in Maces & Flails
  3675 | D:5      | Found an ancient bone altar of Kikubaaqudgha.
  3691 | D:5      | Noticed Edmund
  3699 | D:5      | HP: 2/66 [scorpion (4)]
  3700 | D:5      | XOM: enchant monster (good)
  3700 | D:5      | Slain by Edmund

Illustrated notes

Levels and vault maps discovered:
D:1:      lightli_arrival_boilingwater, layout_loops_ring
D:2:      layout_basic, nrook_loot_triangle
D:3:      minmay_angry_zag, layout_loops_corners, mainiacjoe_overflow_alcove_2,
          nicolae_overflow_hidden_temple, minmay_misc_feat_pillars,
          goddamned_bats
D:4:      layout_cave_pods
D:5:      layout_gridville, mainiacjoe_overflow_alcove_1,
          nicolae_overflow_quartered_altars, kiku_gazebo_garden_becter,
          mainiacjoe_overflow_boulevard, ebering_ghost_sewer_d, uniq_edmund,
          uniq_grinder, uniq_duvessa

Skill      XL: |  1  2  3  4  5  6  7 |
---------------+----------------------+-----
Dodging        | 1 2 3 |  3.6
Maces & Flails | 4 5 6 |  6.0
Armour         | 2 3 |  3.1
Fighting       | 4 |  4.5
Shields        | 1 |  1.3
Stealth        | 1 2 |  2.0

Action                   |  1- 3 |  4- 6 |  7- 9 || total
-------------------------+-------+-------+-------++-------
Melee: Mace              |    63 |   134 |    71 ||   268
 Abil: Spit Poison       |       |     9 |     3 ||    12
  Use: Scroll            |     7 |     3 |       ||    10
       Potion            |       |       |     1 ||     1
 Stab: Sleeping          |       |     1 |       ||     1
       Distracted        |       |       |     1 ||     1
Armor: Leather armour    |    22 |   101 |    28 ||   151
       Ring mail         |       |       |     1 ||     1
Dodge: Dodged            |    33 |    88 |    33 ||   154
Block: Buckler           |     5 |    27 |    11 ||    43
       Kite shield       |       |       |     2 ||     2

Table legend: (Time is in decaauts)
 A = Elapsed time spent in this place.
 B = Non-inter-level travel time spent in this place.
 C = Inter-level travel time spent in this place.
 D = Time resting spent in this place.
 E = Time spent auto-exploring this place.
 F = Levels seen in this place.
 G = Mean time per level.
                   A        B        C        D        E       F      G
               +--------+--------+--------+--------+--------+-----+--------+
         Total |   5007 |   5007 |      0 |    222 |      0 |   5 | 1001.4 |
       Dungeon |   5007 |   5007 |      0 |    222 |      0 |   5 | 1001.4 |
               +--------+--------+--------+--------+--------+-----+--------+

Top non-repeatable levels by time:
     D:3: 1585 daAuts
     D:1: 1011 daAuts
     D:4: 988 daAuts
     D:2: 889 daAuts
     D:5: 533 daAuts
